 Dungeon Crawl Stone Soup version 0.25.0-15-gac7dcb8919 (webtiles) character file.

Game seed: 2982947040188342431

46 Curus the Distorting Hill Orc (level 3, 0/31 HPs)
             Began as a Hill Orc Abyssal Knight on June 29, 2020.
             Was a Believer of Lugonu.
             Slain by an iguana (8 damage)
             ... on level 4 of the Dungeon.
             The game lasted 00:04:08 (738 turns).

Curus the Distorting Hill Orc (HOAK)                 Turns: 738, Time: 00:04:08

Health: 0/31       AC:  3    Str: 14    XL:     3   Next: 68%
Magic:  5/6        EV: 11    Int: 12    God:    Lugonu [**....]
Gold:   24         SH:  0    Dex: 11    Spells: 2/2 levels left

rFire    . . .     SeeInvis .   a - +1 spear
rCold    . . .     Gourm    .   (no shield)
rNeg     . . .     Faith    .   b - +0 leather armour
rPois    .         Spirit   .   (no helmet)
rElec    .         Reflect  .   (no cloak)
rCorr    .         Harm     .   (no gloves)
MR       .....                  (no boots)
Stlth    +.........             (no amulet)
HPRegen  0.10/turn              (no ring)
MPRegen  0.10/turn              (no ring)

@: no status effects
A: no striking features
a: Depart the Abyss, Bend Space, Renounce Religion


You were on level 4 of the Dungeon.
You worshipped Lugonu.
Lugonu was pleased with you.
You were not hungry.

You visited 1 branch of the dungeon, and saw 3 of its levels.
You visited the Abyss 1 time.

You collected 34 gold pieces.
You spent 10 gold pieces at shops.

Inventory:

Hand Weapons
 a - a +1 spear (weapon)
Armour
 b - a +0 leather armour (worn)
Potions
 e - a potion of degeneration
Comestibles
 c - 2 rations
 d - a chunk of flesh


   Skills:
 - Level 3.6 Fighting
 + Level 3.4 Polearms
 - Level 2.1 Armour
 - Level 0.7 Dodging
 + Level 4.0 Invocations


You had 2 spell levels left.
You didn't know any spells.
Your spell library was empty.

Dungeon Overview and Level Annotations

Branches:
Dungeon (1/15)

Altars:

Shops:
D:4 !


Message History

You reach to attack!
You hit the adder skeleton.
The adder skeleton is moderately damaged.
You puncture the adder skeleton!
The adder skeleton is severely damaged.
The adder skeleton closely misses you.
You barely miss the adder skeleton.
The adder skeleton is severely damaged.
You hit the iguana.
The iguana is moderately wounded.
The iguana closely misses you.
You hit the iguana.
The iguana is severely wounded.
The iguana misses you.
A frilled lizard comes into view.
The orc closely misses you.
You barely miss the iguana.
The iguana is severely wounded.
The frilled lizard hisses angrily.
The iguana bites you!
You die...

#############.
#.............
#...........l
#..........#
#.........#
#.<..Z....#
#...ol....#
#....@....#
#.(.......#
#.........#
###########


You could see an iguana, an orc, a frilled lizard and an adder skeleton.

Vanquished Creatures
  An adder (D:2)
  A shadow imp (D:4)
  An adder skeleton (D:4)
  A dart slug (D:1)
  A leopard gecko (D:1)
  3 hobgoblins (D:1)
  3 jackals (D:1)
  4 bats (D:1)
  A frilled lizard (D:1)
  4 goblins
  A kobold (D:1)
  3 rats (D:1)
24 creatures vanquished.

Notes
Turn   | Place    | Note
-------+----------+-------------------------------------------
     0 | Abyss:1  | Curus the Hill Orc Abyssal Knight began the quest for the
                  | Orb.
     0 | Abyss:1  | Reached XP level 1. HP: 19/19 MP: 2/2
    10 | D:1      | Escaped the Abyss
   212 | D:1      | Reached XP level 2. HP: 26/26 MP: 4/4
   215 | D:1      | Reached skill level 3 in Invocations
   397 | D:1      | Reached ** piety under Lugonu
   591 | D:1      | Reached XP level 3. HP: 31/31 MP: 5/5
   615 | D:1      | You fall into a shaft and drop 1 floor!
   714 | D:2      | You fall into a shaft and drop 2 floors!
   714 | D:4      | Found Zelog's Distillery.
   727 | D:4      | Reached skill level 4 in Invocations
   733 | D:4      | Bought a potion of degeneration for 10 gold pieces
   738 | D:4      | Slain by an iguana

Illustrated notes

Levels and vault maps discovered:
D:1:      denvon_arrival_planthouse, layout_basic
D:2:      layout_loops_ring, nicolae_overflow_crystal_walls
D:4:      layout_rooms, serial_shops, shop, uniq_menkaure, uniq_sigmund,
          uniq_duvessa

Skill      XL: |  1  2  3 |
---------------+----------+-----
Invocations    | 3 4 |  4.0
Polearms       | 3 |  3.4
Fighting       | |  3.6
Armour         | |  2.1
Dodging        | |  0.7

Action                   || total
-------------------------++-------
Melee: Spear             ||   106
Invok: Bend Space        ||     1
Armor: Leather armour    ||    25
Dodge: Dodged            ||    51
